 Dungeon Crawl Stone Soup version 0.31-a0-1-g4198be8af4 (webtiles) character file.

Game seed: 9426273969458884712

420 Ahpoh the Slasher (level 6, -1/32 HPs)
             Began as a Vine Stalker Fighter on May 1, 2023.
             Was a Follower of Uskayaw.
             Slain by an ogre
             ... wielding a +0 giant spiked club
              (24 damage)
             ... on level 5 of the Dungeon.
             The game lasted 00:07:21 (3405 turns).

Ahpoh the Slasher (Vine Stalker Fighter)            Turns: 3405, Time: 00:07:22

Health: -1/32      AC: 14    Str: 18    XL:     6   Next: 94%
Magic:  0/7        EV:  9    Int:  8    God:    Uskayaw [*.....]
Gold:   202        SH:  5    Dex: 16    Spells: 5/5 levels left

rFire   . . .        a - +0 long sword
rCold   . . .        c - +0 buckler
rNeg    . . .        b - +0 scale mail
rPois   .            (no helmet)
rElec   .            m - +0 cloak
rCorr   .            r - +0 pair of gloves
SInv    .            y - +0 pair of boots
Will    .....        (no amulet) Stlth
                     i - +4 ring of protection
HPRegen 1.05/turn    (no ring)
MPRegen 0.10/turn

%: guardian spirit
@: studying Long Blades
A: fangs 2, regeneration 1, magic shield, antimagic bite, no potion heal 2
a: Renounce Religion, Stomp


You were on level 5 of the Dungeon.
You worshipped Uskayaw.
Uskayaw was noncommittal.
You visited 2 branches of the dungeon, and saw 6 of its levels.

You collected 247 gold pieces.
You spent 45 gold pieces at shops.

Inventory:

Hand Weapons
 a - a +0 long sword (weapon)
 p - a +3 spear of pain
Armour
 b - a +0 scale mail (worn)
 c - a +0 buckler (worn)
 m - a +0 cloak (worn)
 r - a +0 pair of gloves (worn)
 y - a +0 pair of boots (worn)
Jewellery
 i - a +4 ring of protection (left hand)
Wands
 u - a wand of digging (4)
 w - a wand of iceblast (8)
 C - a wand of charming (10)
Scrolls
 e - 2 scrolls of blinking {unknown}
 f - a scroll of summoning {unknown}
 k - 2 scrolls of enchant armour {unknown}
 l - a scroll of fog {unknown}
 o - 2 scrolls of amnesia {unknown}
 q - a scroll of noise {unknown}
 s - a scroll of acquirement {unknown}
 t - a scroll of teleportation {unknown}
 v - 2 scrolls of identify
 x - a scroll of poison {unknown}
 B - a scroll of brand weapon {unknown}
Potions
 d - 3 potions of might
 g - a potion of berserk rage
 h - 3 potions of curing
 j - a potion of magic {unknown}
 n - a potion of lignification {unknown}
 z - a potion of flight {unknown}
 A - 3 potions of cancellation {unknown}


   Skills:
 + Level 3.3 Fighting
 + Level 5.2 Long Blades
 + Level 3.8 Armour
 + Level 0.9 Dodging
 + Level 0.7 Stealth
 + Level 3.0 Shields


You had 5 spell levels left.
You didn't know any spells.
Your spell library contained the following spells:

 Spells                   Type           Power      Damage    Failure   Level
 Freeze                   Ice            0%         1d3       86%         1
 Cigotuvi's Dreadful Rot  Necr/Pois/Air  0%         N/A       95%         2
 Frozen Ramparts          Ice            0%         1d1       99%         3
 Hailstorm                Conj/Ice       0%         3d3       99%         3
 Dispel Undead            Necr           0%         3d6       100%        4
 Death Channel            Necr           0%         N/A       100%        6


Dungeon Overview and Level Annotations

Branches:
Dungeon (5/15)             Temple (1/1) D:4

Altars:
Ashenzari
Cheibriados
Kikubaaqudgha
Trog
Uskayaw
Vehumet
Wu Jian
The Shining One

Shops:
D:4 [


Innate Abilities, Weirdness & Mutations

You have extremely sharp teeth.
Your natural rate of healing is unusually fast.
When hurt, damage is shared between your health and your magic reserves.
Your bite disrupts and absorbs the magic of your enemies.
Potions cannot restore your health.


Message History

The howler monkey is no longer paralysed.
The howler monkey hits you but does no damage.
You slash the howler monkey!
You kill the howler monkey!
You can now merge with and destroy a victim.
You can no longer merge with and destroy a victim.
Found 6 stones.
The sentinel's mark upon you fades away.
You can no longer pass through a line of other dancers.
You see here 6 stones.
You open the door.
Found 16 gold pieces.
There is an open door here.
Found a stone staircase leading down.
A shadow imp comes into view.
The shadow imp shouts, "Quit, thou droning toot-wallowing erk!"
An orc comes into view. It is wielding a +0 whip.
An ogre comes into view. It is wielding a +0 giant spiked club.
The shadow imp gestures at you.
You struggle to resist.
You slash the shadow imp! Your bite misses the shadow imp.
The shadow imp is almost dead.
The shadow imp hits you but does no damage.
You hit the shadow imp but do no damage.
The shadow imp is almost dead.
The orc barely misses you. The shadow imp gestures at you.
Pain shoots through your body!
You hit the shadow imp but do no damage.
You bite the shadow imp, but do no damage.
The shadow imp is almost dead.
The orc hits you but does no damage.
The shadow imp laughs crazily.
The shadow imp barely misses you. You block the orc's attack.
The shadow imp closely misses you.
You slash the shadow imp!
You kill the shadow imp!
The ogre hits you with a +0 giant spiked club!!
Ouch! That really hurt!
You die...

#.......# #.......#
#.......#####
#.......~~~~##
#.......~≈≈~~~###
####.......~≈≈≈≈~~~####
#..'.......>~~≈≈≈≈~~~~####
#.##.........~~~≈≈≈≈≈~~~~~
#(##.....@...##~~~≈≈≈≈≈≈≈≈
#.###.#.O.o......~~~~≈≈≈≈≈
#.# #.#.#....###.#.#~~~~~~
#.# #.#.#........#......#
#.# #.#.#........#.####.#
#.# #.#.#....#........#.#
#.# #.#......#.###.##.#.#
#.# #.###.##.# #<.....#.#
#.###.###.##.#.#.#.####.#


You could see an ogre and an orc.

Vanquished Creatures
  A howler monkey (D:5)
  Crazy Yiuf (D:3)
  A hound (D:5)
  Jessica (D:3)
  Natasha (thrice) (D:3)
  3 iguanas
  Robin (D:3)
  5 adders
  A shadow imp (D:5)
  An ufetubus (D:4)
  2 worms
  A dart slug (D:2)
  An orc (D:5)
  10 bats
  9 endoplasms
  2 giant cockroaches
  13 goblins
  6 hobgoblins
  3 jackals (D:4)
  A quokka (D:2)
  10 ball pythons
  5 frilled lizards
  2 kobolds
  3 rats
86 creatures vanquished.

Notes
Turn   | Place    | Note
-------+----------+-------------------------------------------
     0 | D:1      | Ahpoh the Vine Stalker Fighter began the quest for the Orb.
     0 | D:1      | Reached XP level 1. HP: 11/11 MP: 2/2
   205 | D:1      | Reached skill level 2 in Long Blades
   213 | D:1      | Reached XP level 2. HP: 16/16 MP: 3/3
   902 | D:2      | Reached XP level 3. HP: 19/19 MP: 4/4
   917 | D:2      | Found a broken altar of Ashenzari.
  1812 | D:2      | Gained mutation: Your natural rate of healing is unusually
                  | fast. [Vine Stalker growth]
  1812 | D:2      | Reached XP level 4. HP: 23/23 MP: 5/5
  2171 | D:3      | Noticed Natasha
  2175 | D:3      | Killed Natasha
  2176 | D:3      | Reached skill level 3 in Long Blades
  2350 | D:3      | Found a runed translucent door.
  2351 | D:3      | Noticed Crazy Yiuf
  2378 | D:3      | Noticed Robin
  2397 | D:3      | Reached XP level 5. HP: 25/28 MP: 6/6
  2417 | D:3      | Killed Robin
  2451 | D:3      | Noticed Natasha
  2468 | D:3      | Killed Natasha
  2525 | D:3      | Noticed Natasha
  2535 | D:3      | Killed Natasha
  2602 | D:3      | Noticed Jessica
  2605 | D:3      | Killed Jessica
  2670 | D:3      | Killed Crazy Yiuf
  2671 | D:3      | Reached skill level 4 in Long Blades
  2671 | D:3      | Reached XP level 6. HP: 32/32 MP: 7/7
  2795 | D:4      | Found a staircase to the Ecumenical Temple.
  2807 | Temple   | Entered the Ecumenical Temple
  2818 | Temple   | Became a worshipper of Uskayaw the Reveller
  2834 | D:4      | Found Wurhihoje's Armour Boutique.
  2844 | D:4      | Bought a +0 pair of boots for 45 gold pieces
  2890 | D:4      | Reached * piety under Uskayaw
  2955 | D:4      | Reached ** piety under Uskayaw
  2980 | D:4      | Found an ancient bone altar of Kikubaaqudgha.
  3318 | D:5      | Entered Level 5 of the Dungeon
  3363 | D:5      | Reached *** piety under Uskayaw
  3369 | D:5      | Reached **** piety under Uskayaw
  3372 | D:5      | Reached skill level 5 in Long Blades
  3378 | D:5      | Reached ***** piety under Uskayaw
  3405 | D:5      | Slain by an ogre

Illustrated notes

Levels and vault maps discovered:
D:1:      minmay_arrival_split_and_join, layout_basic
D:2:      minmay_razor_zed, layout_loops_corners, basic_altar,
          wander_ebering_terrifying_dragon_lair
D:3:      layout_basic, uniq_jessica, uniq_natasha, uniq_crazy_yiuf_cottage,
          uniq_robin
D:4:      layout_rooms, nicolae_kikubaaqudgha_miasma_corner,
          minmay_temple_entry_drinking_statues, serial_shops, shop
D:5:      wander_river, layout_basic, nicolae_ossuary_entry_giza, serial_shops,
          shop, uniq_blork_the_orc
Temple:   eino_temple_water

Skill      XL: |  1  2  3  4  5  6 |
---------------+-------------------+-----
Long Blades    | 2 3 4 5 |  5.2
Armour         | 3 |  3.8
Fighting       | 3 |  3.3
Shields        | 3 |  3.0
Dodging        | |  0.9
Stealth        | |  0.7

Action                     |  1- 3 |  4- 6 || total
---------------------------+-------+-------++-------
  Melee: Long sword        |    92 |   153 ||   245
         Bite              |    11 |    48 ||    59
    Use: Scroll            |     2 |       ||     2
   Stab: Paralysed         |       |     2 ||     2
 Armour: Scale mail        |    43 |    68 ||   111
  Dodge: Dodged            |    41 |    60 ||   101
  Block: Buckler           |    20 |    24 ||    44

Table legend: (Time is in decaauts)
 A = Elapsed time spent in this place.
 B = Non-inter-level travel time spent in this place.
 C = Inter-level travel time spent in this place.
 D = Time resting spent in this place.
 E = Time spent auto-exploring this place.
 F = Levels seen in this place.
 G = Mean time per level.
                   A        B        C        D        E       F      G
               +--------+--------+--------+--------+--------+-----+--------+
         Total |   3470 |   3322 |    148 |      0 |   2339 |   6 |  578.3 |
       Dungeon |   3447 |   3316 |    131 |      0 |   2338 |   5 |  689.4 |
        Temple |     22 |      5 |     17 |      0 |      1 |   1 |   22.0 |
               +--------+--------+--------+--------+--------+-----+--------+

Top non-repeatable levels by time:
     D:2: 1282 daAuts
     D:1: 862 daAuts
     D:3: 625 daAuts
     D:4: 586 daAuts
     D:5: 90 daAuts
  Temple: 22 daAuts
